Flyers vs Blues

Created - Friday, March 13, 2015 at 01:18

Goals
1 2 3 T
Flyers 1 1 2 4
Blues 0 2 0 2
Shots
1 2 3 T
Flyers 12 9 7 28
Blues 5 12 7 24

1st period

1. Flyers , Gabriel Landeskog 25 (Mikko Koivu, P.K. Subban) at 10:11

Penalties :
Gabriel Landeskog (Phi) for Slashing (Minor) at 1:05, Johan Franzen (StL) for Holding (Minor) at 13:28, Chris Kreider (Phi) for Roughing (Double Minor) at 16:53

2nd period

2. Blues , Josh Gorges 11 (Rick Nash, Zdeno Chara) at 0:14 (PP)
3. Flyers , Bryan Little 19 (Gabriel Landeskog, Corey Perry) at 2:59 (PP)
4. Blues , Johan Franzen 20 (Rick Nash, Henrik Lundqvist) at 9:08

Penalties :
Mark Fayne (StL) for Goalie Interference (Minor) at 2:37, Evgeni Malkin (Phi) for Hooking (Minor) at 4:34, Sean Couturier (StL) for Hooking (Minor) at 5:08, Zdeno Chara (StL) for Hooking (Minor) at 7:31, Niklas Kronwall (Phi) for Tripping (Minor) at 7:35, Evgeni Malkin (Phi) for Slashing (Minor) at 12:27, Steve Ott (StL) for Slashing (Minor) at 17:29

3rd period

5. Flyers , Evgeni Malkin 42 (Taylor Hall, Niklas Kronwall) at 8:17 (PP)
6. Flyers , Evgeni Malkin 43 (Taylor Hall, Niklas Kronwall) at 19:22 (Empty Net)

Penalties :
Zdeno Chara (StL) for Tripping (Minor) at 0:43, Bryan Allen (StL) for Holding (Minor) at 7:20, Andrew Desjardins (StL) for Hooking (Minor) at 11:37

Goalie Stats

Corey Crawford (Phi), 22 saves from 24 shots - (0.917), W, 41-9-5, 60:00 minutes
Henrik Lundqvist (StL), 24 saves from 27 shots - (0.889), L, 35-16-5, 59:40 minutes

Players Stats for Flyers

Player Name              G  A  P  +/- PIM S  H  SB GA TA FO     MP     PP MP  PK MP  
------------------------------------------------------------------------------------
Brian Strait             0  0  0   0  0   0  0  0  0  0  0/0     3:01   0:00   1:17 
Bryan Little             1  0  1   0  0   2  3  0  1  1  7/8    18:34   4:48   2:34 
Chris Kreider            0  0  0   0  4   1  1  0  0  0  0/3    10:05   0:27   0:00 
Corey Perry              0  1  1   0  0   2  0  1  2  0  0/1    16:33   4:48   0:00 
Daniel Winnik            0  0  0   0  0   0  1  0  0  0  0/0     9:14   0:00   1:46 
Evgeni Malkin            2  0  2   1  4   4  1  1  2  0  7/20   19:10   5:05   0:36 
Gabriel Landeskog        1  1  2   1  2   4  4  0  3  2  0/0    17:13   4:48   0:32 
Jack Johnson             0  0  0   1  0   1  1  2  0  3  0/0    28:38   6:16   4:11 
Jakub Voracek            0  0  0   0  0   0  0  1  0  0  0/1    17:43   4:38   0:00 
Jarret Stoll             0  0  0   0  0   0  2  1  0  1  4/8    14:20   0:00   5:12 
Kris Letang              0  0  0   1  0   2  1  1  3  2  0/0    24:05   3:37   3:46 
Mark Letestu             0  0  0   0  0   2  1  0  0  0  3/3    12:53   0:27   5:10 
Mikko Koivu              0  1  1   0  0   2  0  0  1  0  4/9     9:20   0:00   0:00 
Niklas Kronwall          0  2  2   1  2   2  3  2  0  2  0/0    19:02   3:36   4:07 
P.K. Subban              0  1  1   1  0   2  0  1  1  1  0/0    24:55   6:16   0:04 
Riley Nash               0  0  0   0  0   0  0  0  0  0  0/0     6:40   0:00   0:00 
Slava Voynov             0  0  0  -1  0   1  1  0  1  0  0/0    18:26   0:00   2:29 
Taylor Hall              0  2  2   1  0   3  1  0  3  0  0/0    18:41   4:38   0:04 

Players Stats for Blues

Player Name              G  A  P  +/- PIM S  H  SB GA TA FO     MP     PP MP  PK MP  
------------------------------------------------------------------------------------
Anders Lee               0  0  0   0  0   1  0  0  0  0  1/5     6:28   0:00   0:53 
Andrew Desjardins        0  0  0  -1  2   1  3  0  0  1  5/8    14:40   0:00   2:10 
Artem Anisimov           0  0  0   0  0   1  1  0  2  1  0/1    18:13   3:17   1:55 
Brandon Saad             0  0  0   0  0   2  1  0  2  0  0/1    16:06   3:17   0:00 
Bryan Allen              0  0  0  -1  2   3  3  2  0  1  0/0    21:43   2:59   4:22 
Cam Atkinson             0  0  0  -1  0   2  0  0  0  0  0/0    14:02   0:00   0:15 
Hampus Lindholm          0  0  0  -1  0   0  0  0  1  0  0/0    11:12   0:00   1:40 
Joe Vitale               0  0  0   0  0   0  1  0  0  0  0/0     5:14   0:00   0:00 
Johan Franzen            1  0  1   1  2   4  1  0  2  0  6/12   18:06   3:17   1:18 
Josh Gorges              1  0  1   1  0   2  2  1  0  3  0/0    25:37   4:58   5:31 
Kevan Miller             0  0  0   0  0   0  1  1  0  1  0/0    12:11   0:04   0:00 
Mark Fayne               0  0  0  -1  2   0  1  1  1  1  0/0    21:43   2:59   4:22 
Matt Donovan             0  0  0   0  0   1  0  0  0  0  0/0     3:06   0:00   0:00 
Rick Nash                0  2  2   0  0   0  0  0  5  1  0/0    14:33   4:39   1:40 
Sean Couturier           0  0  0   0  2   2  1  2  2  0  13/23  24:14   4:39   5:44 
Steve Ott                0  0  0  -1  2   1  1  1  0  0  1/1    21:12   4:40   5:51 
Tomas Tatar              0  0  0  -2  0   1  0  0  3  0  2/2    13:48   0:00   0:00 
Zdeno Chara              0  1  1   0  4   3  4  0  1  2  0/0    24:26   4:55   3:51 

3 Stars

1 - Gabriel Landeskog (Phi)
2 - Evgeni Malkin (Phi)
3 - Josh Gorges (StL)

Power Play

Flyers - 2 on 8 Attempt(s) - 25.00%
Blues - 1 on 6 Attempt(s) - 16.67%

Penalty Kill

Flyers - 5 on 6 Attempt(s) - 83.33% - Score 0 goal in Penalty Kill
Blues - 6 on 8 Attempt(s) - 75.00% - Score 0 goal in Penalty Kill

Team Stat

Flyers - Hits : 20 - Faceoff Wins : 25 - Blocked Shots : 10 - Penalty Minutes : 12
Blues - Hits : 20 - Faceoff Wins : 28 - Blocked Shots : 8 - Penalty Minutes : 16

Official

Referees : Unknown
Linesman : Unknown

Game Notes

Brian Strait is injured at 10:18 of 1st period (Strained Left Elbow)
Evgeni Malkin has scored in a empty net!

Finance

Level 1 -- Attendance: 5309 (88.48%) -- Ticket Income $451,265
Level 2 -- Attendance: 5000 (100.00%) -- Ticket Income $240,000
Level 3 -- Attendance: 1947 (97.35%) -- Ticket Income $48,675
Level 4 -- Attendance: 4000 (100.00%) -- Ticket Income $60,000
Luxury Box -- Attendance: 910 (91.00%) -- Ticket Income $157,430
Game was played at the Savis Center'
Total Attendance: 17166 (95.37%)
Total Ticket Income: $957,370
Other Income: $469,111
Total Income: $1,426,481

Flyers

5 vs 5 Forward 
   Center                   Left Wing                Right Wing               Time % Phy DF OF 
 1 Evgeni Malkin            Taylor Hall              Jakub Voracek            35     0   0  5  
 2 Mikko Koivu              Gabriel Landeskog        Corey Perry              30     0   0  5  
 3 Jarret Stoll             Chris Kreider            Bryan Little             22     0   2  3  
 4 Mark Letestu             Daniel Winnik            Riley Nash               13     0   5  0  

5 vs 5 Defense 
   Defense                  Defense                                           Time % Phy DF OF 
 1 Jack Johnson             P.K. Subban                                       35     0   3  2  
 2 Niklas Kronwall          Kris Letang                                       30     0   3  2  
 3 Slava Voynov             Brian Strait                                      22     0   4  1  
 4 Slava Voynov             P.K. Subban                                       13     0   4  1  

PowerPlay Forward 
   Center                   Left Wing                Right Wing               Time % Phy DF OF 
 1 Evgeni Malkin            Taylor Hall              Jakub Voracek            60     0   0  5  
 2 Bryan Little             Gabriel Landeskog        Corey Perry              40     0   0  5  

PowerPlay Defense
   Defense                  Defense                                           Time % Phy DF OF 
 1 Jack Johnson             P.K. Subban                                       60     0   1  4  
 2 Kris Letang              Niklas Kronwall                                   40     0   1  4  

Penalty Kill 4 Players Forward 
   Center                   Wing                     Time % Phy DF OF 
 1 Jarret Stoll             Mark Letestu             60     0   5  0  
 2 Bryan Little             Daniel Winnik            40     0   5  0  

Penalty Kill 4 Players Defense
   Defense                  Defense                  Time % Phy DF OF 
 1 Jack Johnson             Niklas Kronwall          65     0   5  0  
 2 Brian Strait             Kris Letang              35     0   5  0  

Penalty Kill - 3 Players Forward 
   Forward                                           Time % Phy DF OF 
 1 Jarret Stoll                                      60     0   5  0  
 2 Mark Letestu                                      40     0   5  0  

Penalty Kill - 3 Players Defense
   Defense                  Defense                  Time % Phy DF OF 
 1 Jack Johnson             Niklas Kronwall          60     0   5  0  
 2 Brian Strait             Kris Letang              40     0   5  0  

4 vs 4 Forward 
   Center                   Wing                     Time % Phy DF OF 
 1 Evgeni Malkin            Taylor Hall              60     0   0  5  
 2 Mikko Koivu              Corey Perry              40     0   1  4  

4 vs 4 Defense
   Defense                  Defense                  Time % Phy DF OF 
 1 Jack Johnson             P.K. Subban              60     0   1  4  
 2 Slava Voynov             Jakub Voracek            40     0   2  3  

Last Minutes Offensive
   Center                   Left Wing                Right Wing               Defense                  Defense                  
   Evgeni Malkin            Taylor Hall              Jakub Voracek            P.K. Subban              Niklas Kronwall          

Last Minutes Defensive
   Center                   Left Wing                Right Wing               Defense                  Defense                  
   Jarret Stoll             Mark Letestu             Bryan Little             Jack Johnson             Niklas Kronwall          

Goaltenders
Starting : Corey Crawford           
Backup : Darcy Kuemper            

Extra Forwards
Normal : Chris Kreider, Jarret Stoll, Mark Letestu - PP : Chris Kreider, Jarret Stoll - PK : Bryan Little
Extra Defensemen
Normal : Kris Letang, Jack Johnson, Slava Voynov - PP : Slava Voynov - PK : Slava Voynov, P.K. Subban
Penalty Shots
Evgeni Malkin, Taylor Hall, Corey Perry, Bryan Little, Gabriel Landeskog

Blues

5 vs 5 Forward 
   Center                   Left Wing                Right Wing               Time % Phy DF OF 
 1 Sean Couturier           Steve Ott                Rick Nash                35     1   2  2  
 2 Johan Franzen            Artem Anisimov           Brandon Saad             30     1   2  2  
 3 Andrew Desjardins        Tomas Tatar              Cam Atkinson             22     1   2  2  
 4 Anders Lee               Sean Couturier           Joe Vitale               13     1   2  2  

5 vs 5 Defense 
   Defense                  Defense                                           Time % Phy DF OF 
 1 Zdeno Chara              Josh Gorges                                       35     1   2  2  
 2 Bryan Allen              Mark Fayne                                        30     1   2  2  
 3 Kevan Miller             Hampus Lindholm                                   22     1   2  2  
 4 Matt Donovan             Zdeno Chara                                       13     1   2  2  

PowerPlay Forward 
   Center                   Left Wing                Right Wing               Time % Phy DF OF 
 1 Sean Couturier           Steve Ott                Rick Nash                60     1   2  2  
 2 Johan Franzen            Artem Anisimov           Brandon Saad             40     1   2  2  

PowerPlay Defense
   Defense                  Defense                                           Time % Phy DF OF 
 1 Zdeno Chara              Josh Gorges                                       60     1   2  2  
 2 Bryan Allen              Mark Fayne                                        40     1   2  2  

Penalty Kill 4 Players Forward 
   Center                   Wing                     Time % Phy DF OF 
 1 Sean Couturier           Steve Ott                60     1   2  2  
 2 Rick Nash                Johan Franzen            40     1   2  2  

Penalty Kill 4 Players Defense
   Defense                  Defense                  Time % Phy DF OF 
 1 Zdeno Chara              Josh Gorges              60     1   2  2  
 2 Bryan Allen              Mark Fayne               40     1   2  2  

Penalty Kill - 3 Players Forward 
   Forward                                           Time % Phy DF OF 
 1 Sean Couturier                                    60     1   2  2  
 2 Steve Ott                                         40     1   2  2  

Penalty Kill - 3 Players Defense
   Defense                  Defense                  Time % Phy DF OF 
 1 Zdeno Chara              Josh Gorges              60     1   2  2  
 2 Bryan Allen              Mark Fayne               40     1   2  2  

4 vs 4 Forward 
   Center                   Wing                     Time % Phy DF OF 
 1 Sean Couturier           Steve Ott                60     1   2  2  
 2 Rick Nash                Johan Franzen            40     1   2  2  

4 vs 4 Defense
   Defense                  Defense                  Time % Phy DF OF 
 1 Zdeno Chara              Josh Gorges              60     1   2  2  
 2 Bryan Allen              Mark Fayne               40     1   2  2  

Last Minutes Offensive
   Center                   Left Wing                Right Wing               Defense                  Defense                  
   Sean Couturier           Steve Ott                Rick Nash                Zdeno Chara              Josh Gorges              

Last Minutes Defensive
   Center                   Left Wing                Right Wing               Defense                  Defense                  
   Sean Couturier           Steve Ott                Rick Nash                Zdeno Chara              Josh Gorges              

Goaltenders
Starting : Henrik Lundqvist         
Backup : Frederik Andersen        

Extra Forwards
Normal : Tomas Tatar, Cam Atkinson, Andrew Desjardins - PP : Tomas Tatar, Cam Atkinson - PK : Andrew Desjardins
Extra Defensemen
Normal : Kevan Miller, Hampus Lindholm, Matt Donovan - PP : Kevan Miller - PK : Hampus Lindholm, Matt Donovan
Penalty Shots
Sean Couturier, Steve Ott, Rick Nash, Johan Franzen, Artem Anisimov

% Time on Ice - Flyers

Lines # - Real PCT - Wanted PCT - Time Play
Normal Forward
1 - 29% - 35% - 11:15
2 - 32% - 30% - 12:24
3 - 22% - 22% - 8:31
4 - 17% - 13% - 6:40
Normal Defense
1 - 35% - 35% - 13:37
2 - 29% - 30% - 11:06
3 - 28% - 22% - 10:45
4 - 9% - 13% - 3:22
PP Forward
1 - 51% - 60% - 5:05
2 - 49% - 40% - 4:48
PP Defense
1 - 63% - 60% - 6:16
2 - 37% - 40% - 3:37
PK Forward
1 - 78% - 60% - 6:11
2 - 22% - 40% - 1:46
PK Defense
1 - 53% - 65% - 4:11
2 - 47% - 35% - 3:46
PK3 Forward
1 - 0% - 60%
2 - 0% - 40%
PK3 Defense
1 - 0% - 60%
2 - 0% - 40%
44 Forward
1 - 96% - 60% - 3:11
2 - 5% - 40% - 0:09
44 Defense
1 - 45% - 60% - 1:29
2 - 56% - 40% - 1:51
Last Minute Offensive  - 0:00
Last Minute Defensive  - 0:00
Total
Forward - 60:00
Defense - 60:00

% Time on Ice - Blues

Lines # - Real PCT - Wanted PCT - Time Play
Normal Forward
1 - 22% - 35% - 8:33
2 - 33% - 30% - 12:50
3 - 31% - 22% - 12:02
4 - 14% - 13% - 5:14
Normal Defense
1 - 34% - 35% - 13:16
2 - 33% - 30% - 12:45
3 - 25% - 22% - 9:32
4 - 8% - 13% - 3:06
PP Forward
1 - 59% - 60% - 4:40
2 - 41% - 40% - 3:17
PP Defense
1 - 62% - 60% - 4:58
2 - 38% - 40% - 2:59
PK Forward
1 - 83% - 60% - 8:13
2 - 17% - 40% - 1:40
PK Defense
1 - 56% - 60% - 5:31
2 - 44% - 40% - 4:22
PK3 Forward
1 - 0% - 60%
2 - 0% - 40%
PK3 Defense
1 - 0% - 60%
2 - 0% - 40%
44 Forward
1 - 85% - 60% - 2:49
2 - 16% - 40% - 0:31
44 Defense
1 - 57% - 60% - 1:53
2 - 44% - 40% - 1:27
Last Minute Offensive  - 0:11
Last Minute Defensive  - 0:00
Total
Forward - 60:00
Defense - 60:00

Play by Play

1st period


0:01 of 1st period - Sean Couturier wins face-off versus Evgeni Malkin in neutral zone.
0:04 of 1st period - Snap shot by Rick Nash.
0:04 of 1st period - Shot Blocked by Jack Johnson.
0:06 of 1st period - Slapshot by Josh Gorges.
0:06 of 1st period - Stopped by Corey Crawford with a rebound.
0:08 of 1st period - Snap shot by Sean Couturier.
0:08 of 1st period - Shot Blocked by P.K. Subban.
1:05 of 1st period - Minor Penalty to Gabriel Landeskog for Slashing.
1:06 of 1st period - Johan Franzen wins face-off versus Jarret Stoll in Flyers zone.
2:02 of 1st period - Daniel Winnik is hit by Bryan Allen and loses puck.
2:14 of 1st period - Snap shot by Sean Couturier.
2:14 of 1st period - Shot Misses the Net.
2:52 of 1st period - Kris Letang is hit by Zdeno Chara and loses puck.
3:05 of 1st period - Penalty to Gabriel Landeskog is over, Gabriel Landeskog is back on ice.
3:11 of 1st period - Brandon Saad is hit by Kris Letang.
3:17 of 1st period - Slapshot by Johan Franzen.
3:17 of 1st period - Stopped by Corey Crawford with a rebound.
3:31 of 1st period - Hampus Lindholm is hit by Taylor Hall and loses puck.
3:48 of 1st period - Wrist shot by Evgeni Malkin.
3:48 of 1st period - Shot Hit the Post.
3:50 of 1st period - Snap shot by P.K. Subban.
3:50 of 1st period - Deflect By Jakub Voracek.
3:50 of 1st period - Shot Misses the Net.
3:50 of 1st period - Puck is out of play.
3:51 of 1st period - Mikko Koivu wins face-off versus Anders Lee in Blues zone.
4:08 of 1st period - Sean Couturier is hit by Gabriel Landeskog.
4:48 of 1st period - Wrist shot by Evgeni Malkin.
4:48 of 1st period - Stopped by Henrik Lundqvist with a rebound.
4:50 of 1st period - Backhand shot by Niklas Kronwall.
4:50 of 1st period - Stopped by Henrik Lundqvist with a rebound.
4:52 of 1st period - Backhand shot by Kris Letang.
4:52 of 1st period - Shot Misses the Net.
5:22 of 1st period - Slapshot by Bryan Little.
5:22 of 1st period - Shot Misses the Net.
5:42 of 1st period - Wrist shot by Brandon Saad.
5:42 of 1st period - Shot Blocked by Jarret Stoll.
5:44 of 1st period - Slapshot by Zdeno Chara.
5:44 of 1st period - Deflect By Brandon Saad.
5:44 of 1st period - Stopped by Corey Crawford without a rebound.
5:45 of 1st period - Mark Letestu wins face-off versus Johan Franzen in Flyers zone.
6:06 of 1st period - Backhand shot by P.K. Subban.
6:06 of 1st period - Stopped by Henrik Lundqvist with a rebound.
6:14 of 1st period - Slapshot by Jack Johnson.
6:14 of 1st period - Shot Misses the Net.
6:45 of 1st period - Slava Voynov is hit by Kevan Miller and loses puck.
7:18 of 1st period - Brian Strait is hit by Zdeno Chara and loses puck.
7:25 of 1st period - Snap shot by Tomas Tatar.
7:25 of 1st period - Deflect By Cam Atkinson.
7:25 of 1st period - Shot Misses the Net.
7:25 of 1st period - Puck is out of play.
7:26 of 1st period - Tomas Tatar wins face-off versus Evgeni Malkin in Flyers zone.
7:27 of 1st period - Snap shot by Cam Atkinson.
7:27 of 1st period - Shot Blocked by Niklas Kronwall.
7:43 of 1st period - Wrist shot by Evgeni Malkin.
7:43 of 1st period - Stopped by Henrik Lundqvist without a rebound.
7:44 of 1st period - Evgeni Malkin wins face-off versus Johan Franzen in Blues zone.
7:47 of 1st period - Wrist shot by Taylor Hall.
7:47 of 1st period - Shot Misses the Net.
7:49 of 1st period - Slapshot by Kris Letang.
7:49 of 1st period - Shot Misses the Net.
7:51 of 1st period - Wrist shot by Taylor Hall.
7:51 of 1st period - Stopped by Henrik Lundqvist without a rebound.
7:52 of 1st period - Jarret Stoll wins face-off versus Johan Franzen in Blues zone.
8:01 of 1st period - Snap shot by P.K. Subban.
8:01 of 1st period - Stopped by Henrik Lundqvist with a rebound.
8:29 of 1st period - Snap shot by Bryan Little.
8:29 of 1st period - Stopped by Henrik Lundqvist with a rebound.
9:13 of 1st period - Wrist shot by Taylor Hall.
9:13 of 1st period - Shot Blocked by Sean Couturier.
9:31 of 1st period - Slapshot by Kris Letang.
9:31 of 1st period - Shot Misses the Net.
10:04 of 1st period - P.K. Subban is hit by Andrew Desjardins and loses puck.
10:11 of 1st period - Snap shot by Gabriel Landeskog.
10:11 of 1st period - Goal by Gabriel Landeskog - Flyers : 1 - Blues : 0.
10:12 of 1st period - Johan Franzen wins face-off versus Chris Kreider in neutral zone.
10:17 of 1st period - Brian Strait is hit by Josh Gorges and loses puck.
10:18 of 1st period - Brian Strait from Flyers is injured at 10:18 of 1st period (Strained Left Elbow).
10:19 of 1st period - Sean Couturier wins face-off versus Jarret Stoll in Flyers zone.
11:17 of 1st period - Taylor Hall is hit by Zdeno Chara.
11:18 of 1st period - Icing by Taylor Hall.
11:19 of 1st period - Johan Franzen wins face-off versus Evgeni Malkin in Flyers zone.
11:30 of 1st period - Wrist shot by Taylor Hall.
11:30 of 1st period - Stopped by Henrik Lundqvist without a rebound.
11:31 of 1st period - Evgeni Malkin wins face-off versus Andrew Desjardins in Blues zone.
11:38 of 1st period - Backhand shot by Taylor Hall.
11:38 of 1st period - Deflect By Evgeni Malkin.
11:38 of 1st period - Shot Misses the Net.
11:38 of 1st period - Puck is out of play.
11:39 of 1st period - Andrew Desjardins wins face-off versus Mikko Koivu in Blues zone.
11:39 of 1st period - Andrew Desjardins is hit by Gabriel Landeskog.
12:11 of 1st period - Snap shot by Mikko Koivu.
12:11 of 1st period - Shot Blocked by Kevan Miller.
12:29 of 1st period - Snap shot by Taylor Hall.
12:29 of 1st period - Stopped by Henrik Lundqvist without a rebound.
12:30 of 1st period - Sean Couturier wins face-off versus Evgeni Malkin in Blues zone.
12:32 of 1st period - Icing by Rick Nash.
12:33 of 1st period - Sean Couturier wins face-off versus Evgeni Malkin in Blues zone.
13:03 of 1st period - Off-side.
13:04 of 1st period - Johan Franzen wins face-off versus Chris Kreider in neutral zone.
13:28 of 1st period - Minor Penalty to Johan Franzen for Holding.
13:29 of 1st period - Sean Couturier wins face-off versus Evgeni Malkin in Blues zone.
13:56 of 1st period - Snap shot by Steve Ott.
13:56 of 1st period - Shot Misses the Net.
13:58 of 1st period - Slapshot by Zdeno Chara.
13:58 of 1st period - Shot Blocked by Jakub Voracek.
15:15 of 1st period - Josh Gorges is hit by Bryan Little and loses puck.
15:28 of 1st period - Penalty to Johan Franzen is over, Johan Franzen is back on ice.
15:35 of 1st period - Snap shot by Artem Anisimov.
15:35 of 1st period - Stopped by Corey Crawford with a rebound.
15:39 of 1st period - Snap shot by Andrew Desjardins.
15:39 of 1st period - Deflect By Johan Franzen.
15:39 of 1st period - Shot Misses the Net.
15:39 of 1st period - Puck is out of play.
15:40 of 1st period - Mark Letestu wins face-off versus Johan Franzen in Flyers zone.
16:04 of 1st period - Riley Nash is hit by Brandon Saad and loses puck.
16:33 of 1st period - Kevan Miller is hit by Bryan Little and loses puck.
16:53 of 1st period - Double Minor Penalty to Chris Kreider for Roughing.
16:54 of 1st period - Jarret Stoll wins face-off versus Sean Couturier in Flyers zone.
16:58 of 1st period - Josh Gorges is hit by Jarret Stoll and loses puck.
17:05 of 1st period - Jack Johnson is hit by Steve Ott and loses puck.
17:30 of 1st period - Slapshot by Zdeno Chara.
17:30 of 1st period - Stopped by Corey Crawford with a rebound.
18:10 of 1st period - Rick Nash is hit by Jarret Stoll and loses puck.
18:25 of 1st period - Icing by Bryan Allen.
18:26 of 1st period - Bryan Little wins face-off versus Johan Franzen in Blues zone.
18:27 of 1st period - Slapshot by Kris Letang.
18:27 of 1st period - Shot Misses the Net.
18:29 of 1st period - Wrist shot by Mark Letestu.
18:29 of 1st period - Stopped by Henrik Lundqvist without a rebound.
18:30 of 1st period - Bryan Little wins face-off versus Artem Anisimov in Blues zone.
18:55 of 1st period - Slapshot by Slava Voynov.
18:55 of 1st period - Stopped by Henrik Lundqvist with a rebound.
19:21 of 1st period - Bryan Allen is hit by Daniel Winnik and loses puck.
Goals for this period are 1 for Flyers vs 0 for Blues.
Shots for this period are 12 for Flyers vs 5 for Blues.

2nd period


0:01 of 2nd period - Sean Couturier wins face-off versus Jarret Stoll in neutral zone.
0:08 of 2nd period - Snap shot by Steve Ott.
0:08 of 2nd period - Shot Misses the Net.
0:10 of 2nd period - Snap shot by Zdeno Chara.
0:10 of 2nd period - Shot Blocked by Niklas Kronwall.
0:12 of 2nd period - Snap shot by Rick Nash.
0:12 of 2nd period - Shot Misses the Net.
0:14 of 2nd period - Slapshot by Josh Gorges.
0:14 of 2nd period - Goal by Josh Gorges - Flyers : 1 - Blues : 1.
0:15 of 2nd period - Evgeni Malkin wins face-off versus Sean Couturier in neutral zone.
0:39 of 2nd period - Icing by Zdeno Chara.
0:40 of 2nd period - Sean Couturier wins face-off versus Mikko Koivu in Blues zone.
0:49 of 2nd period - Snap shot by Rick Nash.
0:49 of 2nd period - Shot Blocked by Kris Letang.
1:13 of 2nd period - Wrist shot by Gabriel Landeskog.
1:13 of 2nd period - Stopped by Henrik Lundqvist without a rebound.
1:14 of 2nd period - Johan Franzen wins face-off versus Evgeni Malkin in Blues zone.
2:21 of 2nd period - Niklas Kronwall is hit by Mark Fayne and loses puck.
2:37 of 2nd period - Minor Penalty to Mark Fayne for Goalie Interference.
2:38 of 2nd period - Sean Couturier wins face-off versus Corey Perry in Blues zone.
2:42 of 2nd period - Bryan Little is hit by Sean Couturier and loses puck.
2:51 of 2nd period - Wrist shot by Gabriel Landeskog.
2:51 of 2nd period - Shot Misses the Net.
2:53 of 2nd period - Slapshot by Jack Johnson.
2:53 of 2nd period - Stopped by Henrik Lundqvist without a rebound.
2:54 of 2nd period - Bryan Little wins face-off versus Sean Couturier in Blues zone.
2:57 of 2nd period - Snap shot by Gabriel Landeskog.
2:57 of 2nd period - Shot Misses the Net.
2:59 of 2nd period - Wrist shot by Bryan Little.
2:59 of 2nd period - Goal by Bryan Little - Flyers : 2 - Blues : 1.
3:00 of 2nd period - Sean Couturier wins face-off versus Mikko Koivu in neutral zone.
3:03 of 2nd period - Jack Johnson is hit by Josh Gorges and loses puck.
3:18 of 2nd period - Wrist shot by Steve Ott.
3:18 of 2nd period - Shot Misses the Net.
4:17 of 2nd period - Wrist shot by Johan Franzen.
4:17 of 2nd period - Deflect By Brandon Saad.
4:17 of 2nd period - Stopped by Corey Crawford without a rebound.
4:18 of 2nd period - Andrew Desjardins wins face-off versus Evgeni Malkin in Flyers zone.
4:34 of 2nd period - Minor Penalty to Evgeni Malkin for Hooking.
4:35 of 2nd period - Jarret Stoll wins face-off versus Sean Couturier in Flyers zone.
4:47 of 2nd period - Snap shot by Mark Letestu.
4:47 of 2nd period - Stopped by Henrik Lundqvist with a rebound.
4:55 of 2nd period - Snap shot by Niklas Kronwall.
4:55 of 2nd period - Shot Blocked by Josh Gorges.
5:08 of 2nd period - Minor Penalty to Sean Couturier for Hooking.
5:09 of 2nd period - Tomas Tatar wins face-off versus Chris Kreider in Blues zone.
5:41 of 2nd period - Snap shot by Taylor Hall.
5:41 of 2nd period - Shot Misses the Net.
6:03 of 2nd period - Mark Fayne is hit by Slava Voynov.
6:09 of 2nd period - Slapshot by Cam Atkinson.
6:09 of 2nd period - Stopped by Corey Crawford with a rebound.
6:11 of 2nd period - Wrist shot by Steve Ott.
6:11 of 2nd period - Stopped by Corey Crawford with a rebound.
6:13 of 2nd period - Snap shot by Bryan Allen.
6:13 of 2nd period - Stopped by Corey Crawford with a rebound.
6:34 of 2nd period - Penalty to Evgeni Malkin is over, Evgeni Malkin is back on ice.
6:37 of 2nd period - Wrist shot by Andrew Desjardins.
6:37 of 2nd period - Stopped by Corey Crawford with a rebound.
6:39 of 2nd period - Slapshot by Bryan Allen.
6:39 of 2nd period - Stopped by Corey Crawford with a rebound.
6:41 of 2nd period - Snap shot by Cam Atkinson.
6:41 of 2nd period - Shot Misses the Net.
6:43 of 2nd period - Slapshot by Bryan Allen.
6:43 of 2nd period - Shot Misses the Net.
6:45 of 2nd period - Slapshot by Bryan Allen.
6:45 of 2nd period - Shot Blocked by Jack Johnson.
7:08 of 2nd period - Penalty to Sean Couturier is over, Sean Couturier is back on ice.
7:31 of 2nd period - Minor Penalty to Zdeno Chara for Hooking.
7:32 of 2nd period - Bryan Little wins face-off versus Sean Couturier in Blues zone.
7:35 of 2nd period - Minor Penalty to Niklas Kronwall for Tripping.
7:36 of 2nd period - Sean Couturier wins face-off versus Evgeni Malkin in Flyers zone.
8:26 of 2nd period - Snap shot by Sean Couturier.
8:26 of 2nd period - Stopped by Corey Crawford with a rebound.
8:50 of 2nd period - Snap shot by Johan Franzen.
8:50 of 2nd period - Stopped by Corey Crawford with a rebound.
9:08 of 2nd period - Backhand shot by Johan Franzen.
9:08 of 2nd period - Goal by Johan Franzen - Flyers : 2 - Blues : 2.
9:09 of 2nd period - Steve Ott wins face-off versus Evgeni Malkin in neutral zone.
9:31 of 2nd period - Penalty to Zdeno Chara is over, Zdeno Chara is back on ice.
9:35 of 2nd period - Penalty to Niklas Kronwall is over, Niklas Kronwall is back on ice.
9:42 of 2nd period - Mikko Koivu is hit by Johan Franzen and loses puck.
9:49 of 2nd period - Josh Gorges is hit by Jack Johnson and loses puck.
11:21 of 2nd period - Wrist shot by Tomas Tatar.
11:21 of 2nd period - Stopped by Corey Crawford without a rebound.
11:22 of 2nd period - Andrew Desjardins wins face-off versus Mikko Koivu in Flyers zone.
11:25 of 2nd period - Slapshot by Tomas Tatar.
11:25 of 2nd period - Shot Misses the Net.
11:27 of 2nd period - Slapshot by Bryan Allen.
11:27 of 2nd period - Stopped by Corey Crawford without a rebound.
11:28 of 2nd period - Mikko Koivu wins face-off versus Anders Lee in Flyers zone.
11:36 of 2nd period - Slapshot by Kris Letang.
11:36 of 2nd period - Shot Blocked by Bryan Allen.
11:38 of 2nd period - Slapshot by Niklas Kronwall.
11:38 of 2nd period - Deflect By Gabriel Landeskog.
11:38 of 2nd period - Stopped by Henrik Lundqvist with a rebound.
11:42 of 2nd period - Slapshot by Mikko Koivu.
11:42 of 2nd period - Shot Blocked by Sean Couturier.
11:44 of 2nd period - Slapshot by Kris Letang.
11:44 of 2nd period - Stopped by Henrik Lundqvist without a rebound.
11:45 of 2nd period - Bryan Little wins face-off versus Anders Lee in Blues zone.
12:03 of 2nd period - Icing by P.K. Subban.
12:04 of 2nd period - Andrew Desjardins wins face-off versus Jarret Stoll in Flyers zone.
12:22 of 2nd period - Slapshot by Tomas Tatar.
12:22 of 2nd period - Deflect By Cam Atkinson.
12:22 of 2nd period - Shot Misses the Net.
12:22 of 2nd period - Puck is out of play.
12:23 of 2nd period - Andrew Desjardins wins face-off versus Evgeni Malkin in Flyers zone.
12:27 of 2nd period - Minor Penalty to Evgeni Malkin for Slashing.
12:28 of 2nd period - Jarret Stoll wins face-off versus Sean Couturier in Flyers zone.
14:13 of 2nd period - Slapshot by Niklas Kronwall.
14:13 of 2nd period - Stopped by Henrik Lundqvist with a rebound.
14:27 of 2nd period - Penalty to Evgeni Malkin is over, Evgeni Malkin is back on ice.
14:51 of 2nd period - Mark Fayne is hit by Bryan Little.
15:29 of 2nd period - Snap shot by Mikko Koivu.
15:29 of 2nd period - Stopped by Henrik Lundqvist with a rebound.
15:31 of 2nd period - Slapshot by Slava Voynov.
15:31 of 2nd period - Shot Misses the Net.
15:35 of 2nd period - Slapshot by Mikko Koivu.
15:35 of 2nd period - Stopped by Henrik Lundqvist with a rebound.
17:29 of 2nd period - Minor Penalty to Steve Ott for Slashing.
17:30 of 2nd period - Sean Couturier wins face-off versus Jakub Voracek in Blues zone.
18:32 of 2nd period - Bryan Little is hit by Bryan Allen and loses puck.
19:16 of 2nd period - Jack Johnson is hit by Andrew Desjardins.
19:29 of 2nd period - Penalty to Steve Ott is over, Steve Ott is back on ice.
Goals for this period are 1 for Flyers vs 2 for Blues.
Shots for this period are 9 for Flyers vs 12 for Blues.

3rd period


0:01 of 3rd period - Evgeni Malkin wins face-off versus Sean Couturier in neutral zone.
0:08 of 3rd period - Slapshot by Sean Couturier.
0:08 of 3rd period - Stopped by Corey Crawford with a rebound.
0:16 of 3rd period - Steve Ott is hit by Evgeni Malkin and loses puck.
0:43 of 3rd period - Minor Penalty to Zdeno Chara for Tripping.
0:44 of 3rd period - Sean Couturier wins face-off versus Bryan Little in Blues zone.
1:01 of 3rd period - Wrist shot by Corey Perry.
1:01 of 3rd period - Stopped by Henrik Lundqvist without a rebound.
1:02 of 3rd period - Bryan Little wins face-off versus Sean Couturier in Blues zone.
1:30 of 3rd period - Wrist shot by Corey Perry.
1:30 of 3rd period - Shot Misses the Net.
1:32 of 3rd period - Snap shot by Kris Letang.
1:32 of 3rd period - Shot Blocked by Steve Ott.
1:51 of 3rd period - Johan Franzen is hit by Niklas Kronwall and loses puck.
2:36 of 3rd period - Snap shot by Corey Perry.
2:36 of 3rd period - Stopped by Henrik Lundqvist with a rebound.
2:43 of 3rd period - Penalty to Zdeno Chara is over, Zdeno Chara is back on ice.
3:03 of 3rd period - Jack Johnson is hit by Bryan Allen.
4:19 of 3rd period - Snap shot by Johan Franzen.
4:19 of 3rd period - Stopped by Corey Crawford with a rebound.
4:21 of 3rd period - Snap shot by Matt Donovan.
4:21 of 3rd period - Deflect By Chris Kreider.
4:21 of 3rd period - Stopped by Corey Crawford with a rebound.
4:23 of 3rd period - Wrist shot by Zdeno Chara.
4:23 of 3rd period - Stopped by Corey Crawford with a rebound.
4:37 of 3rd period - Slapshot by Zdeno Chara.
4:37 of 3rd period - Deflect By Slava Voynov.
4:37 of 3rd period - Stopped by Corey Crawford without a rebound.
4:38 of 3rd period - Mikko Koivu wins face-off versus Anders Lee in Flyers zone.
4:38 of 3rd period - Mikko Koivu is hit by Joe Vitale.
4:48 of 3rd period - Hampus Lindholm is hit by Gabriel Landeskog and loses puck.
7:20 of 3rd period - Minor Penalty to Bryan Allen for Holding.
7:21 of 3rd period - Bryan Little wins face-off versus Sean Couturier in Blues zone.
8:05 of 3rd period - Slapshot by Evgeni Malkin.
8:05 of 3rd period - Shot Misses the Net.
8:07 of 3rd period - Backhand shot by Kris Letang.
8:07 of 3rd period - Stopped by Henrik Lundqvist with a rebound.
8:17 of 3rd period - Wrist shot by Evgeni Malkin.
8:17 of 3rd period - Deflect By Zdeno Chara.
8:17 of 3rd period - Goal by Evgeni Malkin - Flyers : 3 - Blues : 2.
8:18 of 3rd period - Johan Franzen wins face-off versus Mikko Koivu in neutral zone.
8:47 of 3rd period - P.K. Subban is hit by Artem Anisimov and loses puck.
9:51 of 3rd period - Anders Lee is hit by Niklas Kronwall and loses puck.
10:14 of 3rd period - Snap shot by Chris Kreider.
10:14 of 3rd period - Stopped by Henrik Lundqvist with a rebound.
10:40 of 3rd period - Brandon Saad is hit by Mark Letestu and loses puck.
11:37 of 3rd period - Minor Penalty to Andrew Desjardins for Hooking.
11:38 of 3rd period - Evgeni Malkin wins face-off versus Sean Couturier in Blues zone.
11:47 of 3rd period - Off-side.
11:48 of 3rd period - Sean Couturier wins face-off versus Evgeni Malkin in neutral zone.
12:10 of 3rd period - Wrist shot by Evgeni Malkin.
12:10 of 3rd period - Shot Hit the Post.
12:12 of 3rd period - Wrist shot by Jakub Voracek.
12:12 of 3rd period - Shot Blocked by Bryan Allen.
12:46 of 3rd period - Snap shot by Rick Nash.
12:46 of 3rd period - Shot Blocked by Evgeni Malkin.
12:48 of 3rd period - Slapshot by Zdeno Chara.
12:48 of 3rd period - Shot Misses the Net.
13:15 of 3rd period - Artem Anisimov is hit by Gabriel Landeskog and loses puck.
13:37 of 3rd period - Penalty to Andrew Desjardins is over, Andrew Desjardins is back on ice.
13:48 of 3rd period - Slapshot by Cam Atkinson.
13:48 of 3rd period - Stopped by Corey Crawford with a rebound.
14:46 of 3rd period - Snap shot by Johan Franzen.
14:46 of 3rd period - Shot Blocked by Corey Perry.
15:06 of 3rd period - Snap shot by Anders Lee.
15:06 of 3rd period - Stopped by Corey Crawford with a rebound.
15:22 of 3rd period - Jack Johnson is hit by Andrew Desjardins.
15:37 of 3rd period - Snap shot by Slava Voynov.
15:37 of 3rd period - Deflect By Mark Letestu.
15:37 of 3rd period - Shot Blocked by Mark Fayne.
15:37 of 3rd period - Puck is out of play.
15:38 of 3rd period - Mark Letestu wins face-off versus Brandon Saad in Blues zone.
16:06 of 3rd period - Kris Letang is hit by Zdeno Chara and loses puck.
16:59 of 3rd period - Tomas Tatar is hit by Chris Kreider and loses puck.
17:17 of 3rd period - Icing by Josh Gorges.
17:18 of 3rd period - Evgeni Malkin wins face-off versus Andrew Desjardins in Blues zone.
17:43 of 3rd period - Artem Anisimov is hit by Niklas Kronwall and loses puck.
18:52 of 3rd period - Off-side.
18:53 of 3rd period - Todd Richards call a timeout for Blues.
18:53 of 3rd period - Anders Lee wins face-off versus Evgeni Malkin in neutral zone.
19:02 of 3rd period - Blues, Henrik Lundqvist is pulled from the net.
19:22 of 3rd period - Snap shot by Evgeni Malkin.
19:22 of 3rd period - Goal by Evgeni Malkin - Flyers : 4 - Blues : 2.
19:22 of 3rd period - Henrik Lundqvist from Blues was sent back in the game.
19:23 of 3rd period - Mikko Koivu wins face-off versus Johan Franzen in neutral zone.
19:53 of 3rd period - Snap shot by Gabriel Landeskog.
19:53 of 3rd period - Stopped by Henrik Lundqvist without a rebound.
19:54 of 3rd period - Evgeni Malkin wins face-off versus Andrew Desjardins in Blues zone.
Goals for this period are 2 for Flyers vs 0 for Blues.
Shots for this period are 7 for Flyers vs 7 for Blues.


Output by the SimonT Hockey Simulator (STHS) for Eric Dolegowski -- Original Page W3C XHTML 1.0 Valid
Hockey Simulator - Hockey Simulation - Hockey Manager